 Dungeon Crawl Stone Soup version 0.23.2-1-ga50397a (webtiles) character file.

Game seed: 15483077763522323592

588 eccles the Digger (level 7, -1/40 HPs)
             Began as a Gargoyle Earth Elementalist on May 28, 2019.
             Slain by StevenLone's ghost (13 damage)
             ... on level 4 of the Dungeon.
             The game lasted 00:24:28 (4019 turns).

eccles the Digger (Gargoyle Earth Elementalist)     Turns: 4019, Time: 00:24:29

Health: -1/40      AC: 11    Str: 12    XL:     7   Next: 38%
Magic:  12/12      EV: 11    Int: 17    God:
Gold:   238        SH:  4    Dex: 10    Spells: 3/13 levels left

rFire    . . .     SeeInvis .   s - +5 mace
rCold    . . .     Gourm    .   j - +1 buckler
rNeg     + . .     Faith    .   h - +0 leather armour
rPois    ∞         Spirit   .   t - +0 helmet
rElec    +         Reflect  .   r - +0 cloak
rCorr    .         Harm     .   (no gloves)
MR       .....                  w - +0 pair of boots
Stlth    ++........             (no amulet)
HPRegen  0.13/turn              o - ring of flight
MPRegen  0.13/turn              (no ring)

@: no status effects
A: negative energy resistance 1, electricity resistance, unbreathing,
petrification resistance, rot immunity, AC +4
a: Evoke Flight


You were on level 4 of the Dungeon.
You were not hungry.

You visited 2 branches of the dungeon, and saw 5 of its levels.

You collected 238 gold pieces.

Inventory:

Hand Weapons
 a - a +0 dagger
 m - a +4 falchion of holy wrath
 n - a +0 short sword
 s - a +5 mace (weapon)
Missiles
 b - 69 stones (quivered)
Armour
 c - a +0 robe
 h - a +0 leather armour (worn)
 j - a +1 buckler (worn)
 r - a +0 cloak (worn)
 t - a +0 helmet (worn)
 w - a +0 pair of boots (worn)
Jewellery
 o - a ring of flight (left hand)
 q - an uncursed ring of attention
Wands
 p - a wand of polymorph (10)
 u - a wand of paralysis (5)
Scrolls
 g - 2 scrolls of remove curse
 x - a scroll of identify
Potions
 e - 3 potions of might
 f - 2 potions of curing
 i - a potion of haste
 k - a potion of heal wounds {unknown}
 l - a potion of lignification {unknown}
Comestibles
 d - 6 rations


   Skills:
 * Level 2.3 Fighting
 + Level 0.7 Short Blades
 + Level 2.6 Maces & Flails
 + Level 1.5 Armour
 + Level 2.3 Dodging
 + Level 2.8 Stealth
 + Level 0.9 Shields
 + Level 1.4 Unarmed Combat
 * Level 3.8 Spellcasting
 + Level 0.7 Transmutations
 * Level 5.7 Earth Magic


You had 3 spell levels left.
You knew the following spells:

 Your Spells              Type           Power        Failure   Level  Hunger
a - Sandblast             Erth           ###...       3%          1    None
b - Passwall              Tmut/Erth      ##......     12%         2    ##.....
c - Stone Arrow           Conj/Erth      ##....       28%         3    ###....
d - Petrify               Tmut/Erth      ##......     63%         4    ####...

Your spell library contained the following spells:

 Spells                   Type           Power        Failure   Level  Hunger
 Throw Flame              Conj/Fire      #.....       43%         2    ##.....
 Conjure Flame            Conj/Fire      #.......     67%         3    ###....
 Lee's Rapid Deconstruct  Erth           ###.......   63%         5    ######.
 Ignition                 Fire           #.........   100%        8    #######


Dungeon Overview and Level Annotations

Branches:
Dungeon (4/15)             Temple (1/1) D:4

Altars:
Ashenzari
Dithmenos
Elyvilon
Gozag
Kikubaaqudgha
Makhleb
Nemelex Xobeh
Okawaru
Qazlal
Ru
Sif Muna
Trog
Uskayaw
Wu Jian
Xom
Zin

Annotations:
D:4 StevenLone's ghost, amateur MiFi


Innate Abilities, Weirdness & Mutations

You are resistant to torment.
Your stone body is resilient. (AC +4)
You are immune to poison.
You resist negative energy. (rN+)
You are resistant to electric shocks. (rElec)
You can survive without breathing.
You are immune to petrification.
You are immune to rotting.


Message History

StevenLone's ghost is heavily damaged.
StevenLone's ghost hits you but does no damage.
You barely miss StevenLone's ghost.
StevenLone's ghost is heavily damaged.
You block StevenLone's ghost's attack. StevenLone's ghost misses you.
You hit StevenLone's ghost.
StevenLone's ghost is heavily damaged.
StevenLone's ghost hits you!
You hit StevenLone's ghost.
StevenLone's ghost is severely damaged.
StevenLone's ghost hits you but does no damage.
You hit StevenLone's ghost but do no damage.
StevenLone's ghost is severely damaged.
StevenLone's ghost hits you.
You barely miss StevenLone's ghost.
StevenLone's ghost is severely damaged.
StevenLone's ghost hits you!
* * * LOW HITPOINT WARNING * * *
StevenLone's ghost hits you!
You die...

#..###.#.##.# #.#...#..#.........
......<#.##.# #.#####..#.#......#
.###...#.##.###........#.#.#....#
.................................
............###........#+#.......
......[.....##..#'#.........#####
#####..........##.##........#
#.........##...##.[.....#####
#........##.@..)##...........
#........#⌠.W♣%.⌠#...........
#........##.....##...........
#.........##...##............
#..........##⌠##.............
#...........###..............
##########.....).............
#..#.##.######...... ##.#.##.#
#......


You could see StevenLone's ghost.

Vanquished Creatures
  Sigmund (D:3)
  A scorpion (D:4)
  A bullfrog skeleton (D:4)
  An orc priest (D:4)
  A hound (D:4)
  Crazy Yiuf (D:3)
  Jessica (D:2)
  A gnoll shaman (D:4)
  A worker ant (D:4)
  5 gnolls (D:4)
  5 adders
  An adder zombie (D:3)
  3 worms
  2 dart slugs
  2 leopard geckos
  2 orcs
  5 giant cockroaches
  5 hobgoblins
  14 jackals
  8 kobolds
  4 quokkas
  8 bats
  6 frilled lizards
  7 goblins
  7 rats
93 creatures vanquished.

Notes
Turn   | Place    | Note
-------+----------+-------------------------------------------
     0 | D:1      | eccles the Gargoyle Earth Elementalist began the quest for
                  | the Orb.
     0 | D:1      | Reached XP level 1. HP: 10/10 MP: 3/3
   354 | D:1      | Reached skill level 4 in Earth Magic
   355 | D:1      | Reached XP level 2. HP: 9/15 MP: 0/5
   474 | D:1      | Found a shattered altar of Ashenzari.
   838 | D:1      | Reached skill level 1 in Unarmed Combat
   956 | D:2      | Reached XP level 3. HP: 19/19 MP: 3/6
   960 | D:2      | Learned a level 2 spell: Passwall
   964 | D:2      | Learned a level 3 spell: Stone Arrow
  1128 | D:2      | Found a shadowy altar of Dithmenos.
  1243 | D:2      | Noticed Jessica
  1246 | D:2      | Killed Jessica
  1246 | D:2      | Reached XP level 4. HP: 24/24 MP: 5/7
  1329 | D:2      | Reached skill level 5 in Earth Magic
  1891 | D:3      | Reached XP level 5. HP: 22/28 MP: 9/9
  2048 | D:3      | Found a runed translucent door.
  2049 | D:3      | Noticed Crazy Yiuf
  2059 | D:3      | Killed Crazy Yiuf
  2512 | D:3      | Noticed Sigmund
  2529 | D:3      | Killed Sigmund
  2529 | D:3      | Reached skill level 1 in Fighting
  2529 | D:3      | Reached skill level 1 in Maces & Flails
  2529 | D:3      | Reached XP level 6. HP: 6/34 MP: 11/11
  2817 | D:3      | Reached skill level 1 in Armour
  3019 | D:4      | Found a runed translucent door.
  3021 | D:4      | Noticed StevenLone's ghost (amateur MiFi)
  3372 | D:4      | Learned a level 4 spell: Petrify
  3392 | D:4      | Reached XP level 7. HP: 35/39 MP: 8/12
  3537 | D:4      | Found a staircase to the Ecumenical Temple.
  3627 | D:4      | Identified the Tome of Earth and the Blaze
  3659 | Temple   | Entered the Ecumenical Temple
  4019 | D:4      | Slain by StevenLone's ghost

Skill      XL: |  1  2  3  4  5  6  7 |
---------------+----------------------+-----
Earth Magic    | 4 5 |  5.7
Unarmed Combat | 1 |  1.4
Spellcasting   | 3 |  3.8
Dodging        | 2 |  2.3
Fighting       | 1 2 |  2.3
Maces & Flails | 1 2 |  2.6
Armour         | 1 |  1.5
Short Blades   | |  0.7
Stealth        | |  2.8
Shields        | |  0.9
Transmutations | |  0.7

Action                   |  1- 3 |  4- 6 |  7- 9 || total
-------------------------+-------+-------+-------++-------
Melee: Unarmed           |    52 |       |       ||    52
       Dagger            |    10 |    14 |       ||    24
       Short sword       |       |    60 |       ||    60
       Mace              |       |    63 |    32 ||    95
       Falchion          |       |       |     7 ||     7
 Cast: Sandblast         |    39 |    31 |    13 ||    83
  Use: Scroll            |       |     7 |     1 ||     8
       Potion            |       |     1 |       ||     1
 Stab: Sleeping          |     1 |     2 |       ||     3
  Eat: Chunk             |     1 |     5 |     1 ||     7
       Ration            |       |     1 |       ||     1
Armor: Robe              |    34 |     9 |       ||    43
       Leather armour    |       |    63 |    19 ||    82
Dodge: Dodged            |    41 |    78 |    19 ||   138
Block: Buckler           |     5 |    30 |     7 ||    42
       Rpst.: Falchion   |       |       |     2 ||     2
